 Dungeon Crawl Stone Soup version 0.30-a0-269-gf0224bf7b6 (webtiles) character file.

Game seed: 11820402698339287140

18559 purpskrrrp the Brawler (level 12, -2/104 HPs)
             Began as a Troll Fighter on Oct 14, 2022.
             Was an Initiate of Yredelemnul.
             Shot with an arrow by a centaur warrior (30 damage)
             ... on level 13 of the Dungeon.
             The game lasted 00:31:28 (12112 turns).

purpskrrrp the Brawler (Troll Fighter)             Turns: 12112, Time: 00:31:29

Health: -2/104     AC:  9    Str: 35    XL:     12   Next: 28%
Magic:  11/11      EV:  6    Int:  3    God:    Yredelemnul [......]
Gold:   1036       SH: 10    Dex:  6    Spells: 11/11 levels left

rFire   . . .      SeeInvis .      - Unarmed
rCold   . . .      Faith    .    B - +0 tower shield
rNeg    . . .      Spirit   .    O - +2 robe {Archmagi}
rPois   +          Reflect  .    D - +2 hat
rElec   .          Harm     .    j - +0 cloak
rCorr   .          Rampage  .    (gloves unavailable)
Will    +....      Archmagi +    (boots unavailable)
Stlth   +.........               (no amulet)
HPRegen 1.17/turn                m - ring of poison resistance
MPRegen 0.12/turn                s - ring of willpower

@: no status effects
A: large, unfitting armour, claws 3, regeneration 1, shaggy fur 1, tough skin 1,
talons 1, clumsy 1, strong 1, wild magic 1
a: Renounce Religion, Recall Undead Harvest


You were on level 13 of the Dungeon.
You worshipped Yredelemnul.
Yredelemnul was noncommittal.
You visited 1 branch of the dungeon, and saw 13 of its levels.
You also visited: Bailey.

You collected 1370 gold pieces.
You spent 334 gold pieces at shops.

Inventory:

Hand Weapons
 u - the +8 quarterstaff "Kok Ofye" {speed, rN++}
   (You found it on level 6 of the Dungeon)

   Attacks with this weapon are significantly faster.
   rN:        It greatly protects you from negative energy.
 E - a +1 morningstar
Missiles
 F - a poisoned dart (quivered)
 K - 4 throwing nets
 N - 4 silver javelins
Armour
 a - a +0 robe
 b - a +1 kite shield
 j - a +0 cloak (worn)
 B - a +0 tower shield (worn)
 D - a +2 hat (worn)
 O - a +2 robe of the Archmagi (worn)
Jewellery
 m - a ring of poison resistance (left claw)
 s - a ring of willpower (right claw)
 y - a ring of positive energy
 A - a ring of flight
 G - a +6 ring of intelligence
Wands
 p - a wand of mindburst (33)
 q - a wand of flame (14)
 v - a wand of paralysis (6)
 M - a wand of iceblast (7)
 R - a wand of digging (9)
Scrolls
 c - 4 scrolls of silence
 e - 5 scrolls of enchant weapon
 i - 6 scrolls of teleportation
 t - 4 scrolls of identify
 w - 2 scrolls of fear
 C - 2 scrolls of poison
 H - 3 scrolls of blinking
 I - 2 scrolls of magic mapping
 J - 2 scrolls of torment
 P - a scroll of summoning
 Q - a scroll of amnesia
Potions
 d - 2 potions of invisibility
 f - 3 potions of brilliance
 g - 4 potions of haste
 h - 17 potions of curing
 k - a potion of cancellation
 l - 2 potions of degeneration
 n - a potion of flight
 o - a potion of lignification
 r - a potion of berserk rage
 x - a potion of mutation
 z - a potion of attraction
 L - a potion of resistance


   Skills:
 - Level 2.4 Fighting
 - Level 2.4 Dodging
 - Level 2.6 Shields
 + Level 19.8 Unarmed Combat


You had 11 spell levels left.
You didn't know any spells.
Your spell library contained the following spells:

 Spells                   Type           Power      Damage    Failure   Level
 Magic Dart               Conj           0%         1d3       99%         1
 Searing Ray              Conj           0%         2d4       100%        2
 Sublimation of Blood     Necr           0%         N/A       100%        2
 Wereblood                Tmut           0%         N/A       100%        2
 Dazzling Flash           Conj/Hex       0%         N/A       100%        3
 Gell's Gravitas          Tloc           0%         N/A       100%        3
 Teleport Other           Tloc           0%         N/A       100%        3
 Fulminant Prism          Conj/Hex       0%         3d6       100%        4
 Iskenderun's Mystic Bla  Conj/Tloc      0%         2d3       100%        4
 Petrify                  Tmut/Erth      0%         N/A       100%        4
 Irradiate                Conj/Tmut      0%         3d11      100%        5
 Metabolic Englaciation   Hex/Ice        0%         N/A       100%        5
 Dispersal                Tloc           0%         N/A       100%        6
 Starburst                Conj/Fire      0%         6d3       100%        6
 Statue Form              Tmut/Erth      0%         N/A       100%        6
 Summon Hydra             Summ           0%         N/A       100%        7


Dungeon Overview and Level Annotations

Branches:
Dungeon (13/15)            Temple (0/1) D:5            Lair (0/5) D:11
    Orc (0/2) D:12         Bailey (visited)
 Vaults: D:13-14

Altars:
Ashenzari
Cheibriados
Dithmenos
Fedhas
Gozag
Hepliaklqana
Kikubaaqudgha
Okawaru
Qazlal
Trog
Xom
Yredelemnul
Zin
The Shining One

Shops:
D:11 [   D:12 *

Annotations:
D:7 3 runed translucent doors, MrSquiggles's ghost, novice OpCj; blackman's ghost, novice HuDe


Innate Abilities, Weirdness & Mutations

You are too large for most types of armour.
You have claws for hands.
Your natural rate of healing is unusually fast.
You are covered in fur. (AC +1)
You have tough skin. (AC +1)
You have sharp toenails.
You are clumsy. (Dex -2)
Your muscles are strong. (Str +4, Int/Dex -1)
Your spells are a little harder to cast, but a little more powerful.


Message History

[Y]es or [N]o only, please.
Really fire in your manticore zombie's direction? [Y]es or [N]o only, please.
Really fire in your manticore zombie's direction? [Y]es or [N]o only, please.
Really fire in your manticore zombie's direction? [Y]es or [N]o only, please.
Really fire in your manticore zombie's direction? [Y]es or [N]o only, please.
Really fire in your manticore zombie's direction? [Y]es or [N]o only, please.
Really fire in your manticore zombie's direction? [Y]es or [N]o only, please.
Really fire in your manticore zombie's direction?
Okay, then.
Really fire in your manticore zombie's direction? [Y]es or [N]o only, please.
Really fire in your manticore zombie's direction? [Y]es or [N]o only, please.
Really fire in your manticore zombie's direction?
Okay, then.
Throw: 2 darts (poison)
Press: ? - help, Q - select action, (/) - cycle Shift-Dir - straight line, f - centaur warrior, p - centaur
Aim: a centaur warrior, wielding a +0 longbow (poisoned, 61% to hit)
You throw a poisoned dart.
The poisoned dart hits the centaur warrior.
The centaur wields a +0 shortbow.
The centaur shoots an arrow.
The arrow hits your manticore zombie!
The centaur shoots an arrow.
The arrow hits your manticore zombie!
The centaur warrior shoots an arrow.
The arrow hits you!
The centaur shoots an arrow.
The arrow hits your manticore zombie!
Your manticore zombie is destroyed!
The centaur warrior shoots an arrow.
The arrow hits you!
The centaur shoots an arrow.
The arrow hits you but does no damage.
The centaur looks more healthy.
The centaur shoots an arrow.
The arrow hits you!
* * * LOW HITPOINT WARNING * * *
x2 The centaur warrior shoots an arrow.
The arrow hits you!!
You die...
Your body rises from the dead as a mindless zombie.

#..... #..... ####
######..... #..#
#.......... #..#
#.......... #..#
#.......... #..#
#........>.
#########.##+#######.....
.ccc..((@...)............
(.cc.....................
...c.....................
.###################.....
#..... #..... ######


You could see a centaur warrior (poisoned) and 5 centaurs.

Vanquished Creatures
  Harold (D:11)
  A two-headed ogre (D:6)
  A boulder beetle (D:12)
  Lodul (D:11)
  A manticore (D:13)
  A deep elf pyromancer (D:12)
  An ugly thing (D:11)
  6 slime creatures (D:12)
  A rime drake (D:11)
  An efreet (D:13)
  A polar bear (D:11)
  4 trolls
  Grinder (D:3)
  A hornet (D:8)
  2 vampires
  3 wraiths
  16 yaks
  2 shadows (D:12)
  A spriggan (D:7)
  3 vampire mosquitoes (D:10)
  A steam dragon (D:9)
  Menkaure (D:6)
  2 water moccasins
  Pargi (D:3)
  8 ice beasts
  A sky beast (D:8)
  2 black bears
  9 ogres
  15 orc warriors
  2 wolves (D:11)
  4 centaurs
  2 phantoms
  A kobold brigand (D:9)
  5 bullfrogs
  Blork the orc (D:5)
  4 necrophages
  2 scorpions
  4 wights
  3 troll zombies (D:12)
  5 howler monkeys
  A crimson imp (D:9)
  2 hounds
  A gnoll bouda (D:4)
  An orc priest (D:6)
  7 orc wizards
  3 ogre zombies (D:12)
  6 gnolls
  14 adders
  3 shadow imps
  5 white imps
  An ufetubus (D:7)
  A worm (D:3)
  3 dart slugs
  37 orcs
  8 bats
  3 endoplasms
  4 giant cockroaches
  6 goblins
  8 hobgoblins
  2 jackals (D:4)
  A quokka (D:5)
  2 ball pythons
  2 frilled lizards (D:1)
  A goblin skeleton (D:12)
  A hobgoblin skeleton (D:12)
  5 hobgoblin zombies (D:12)
  16 kobolds
  An orc skeleton (D:12)
  11 orc zombies (D:12)
  5 rats
  A spectral hobgoblin (D:9)
284 creatures vanquished.

Vanquished Creatures (collateral kills)
  An orc knight (Bailey)
  A polar bear (D:11)
  2 orc warriors
  An ice beast (D:11)
  A sky beast (D:6)
  An ogre (D:11)
  A centaur (D:7)
  A wolf (D:11)
  A kobold brigand (D:10)
  A hound (D:6)
  An orc priest (D:12)
  2 iguanas (D:6)
  An adder (D:6)
  3 orcs
  A hobgoblin (D:3)
  2 kobolds (D:10)
  A quokka (D:2)
22 creatures vanquished.

Vanquished Creatures (others)
  A manticore zombie (D:13)
  A vampire mosquito zombie (D:10)
  A water moccasin zombie (D:6)
  2 yak zombies
  2 ice beast zombies
  A howler monkey zombie (D:9)
  A spectral crimson imp (D:9)
  A spectral shadow imp (D:6)
  2 adder zombies
  A gnoll zombie (D:6)
  A ball python zombie (D:4)
  A giant cockroach zombie (D:4)
  6 orc zombies
  2 bushes (D:7)
  13 plants (D:7)
36 creatures vanquished.

Grand Total: 342 creatures vanquished

Notes
Turn   | Place    | Note
-------+----------+-------------------------------------------
     0 | D:1      | purpskrrrp the Troll Fighter began the quest for the Orb.
     0 | D:1      | Reached XP level 1. HP: 22/22 MP: 0/0
    85 | D:1      | Reached XP level 2. HP: 27/29 MP: 1/1
   128 | D:1      | Reached skill level 3 in Unarmed Combat
   519 | D:2      | Reached XP level 3. HP: 36/36 MP: 2/2
   579 | D:2      | Found a basalt altar of Yredelemnul.
   581 | D:2      | Identified the +1 ring mail of the Harvest {rF+ Dex+4
                  | Stlth+}
   641 | D:2      | Became a worshipper of Yredelemnul the Dark
   755 | D:2      | Reached skill level 4 in Unarmed Combat
  1311 | D:2      | Reached * piety under Yredelemnul
  1497 | D:3      | Reached XP level 4. HP: 44/44 MP: 3/3
  1545 | D:3      | Found a faded altar of an unknown god.
  1610 | D:3      | Noticed Grinder
  1634 | D:3      | Killed Grinder
  1635 | D:3      | Reached skill level 6 in Unarmed Combat
  1635 | D:3      | Reached XP level 5. HP: 27/50 MP: 1/4
  1635 | D:3      | Reached XP level 6. HP: 32/59 MP: 1/5
  2081 | D:3      | Found a snail-covered altar of Cheibriados.
  2081 | D:3      | Found a glowing golden altar of the Shining One.
  2182 | D:3      | Noticed Pargi
  2191 | D:3      | Killed Pargi
  2192 | D:3      | Reached skill level 7 in Unarmed Combat
  2353 | D:3      | Found a shimmering altar of Xom.
  2596 | D:4      | Found an ancient bone altar of Kikubaaqudgha.
  2691 | D:4      | Reached XP level 7. HP: 65/66 MP: 4/6
  2711 | D:4      | Reached ** piety under Yredelemnul
  3171 | D:5      | Entered Level 5 of the Dungeon
  3180 | D:5      | Reached skill level 8 in Unarmed Combat
  3200 | D:5      | Found a shadowy altar of Dithmenos.
  3478 | D:5      | Found a staircase to the Ecumenical Temple.
  3548 | D:5      | Noticed Blork the orc
  3554 | D:5      | Killed Blork the orc
  3659 | D:5      | Reached skill level 9 in Unarmed Combat
  3676 | D:5      | Found a broken altar of Ashenzari.
  4273 | D:6      | Noticed Menkaure
  4482 | D:6      | Reached XP level 8. HP: 48/74 MP: 7/7
  4566 | D:6      | Reached skill level 10 in Unarmed Combat
  4741 | D:6      | Reached skill level 11 in Unarmed Combat
  4755 | D:6      | Identified the +8 quarterstaff "Kok Ofye" {speed, rN++}
  4827 | D:6      | Reached *** piety under Yredelemnul
  4853 | D:6      | Noticed a two-headed ogre
  4873 | D:6      | Killed a two-headed ogre
  4874 | D:6      | Reached skill level 12 in Unarmed Combat
  4874 | D:6      | Reached XP level 9. HP: 47/80 MP: 3/8
  5047 | D:6      | Reached skill level 13 in Unarmed Combat
  5111 | D:6      | Killed Menkaure
  5554 | D:7      | Found a basalt altar of Yredelemnul.
  5750 | D:7      | Found a blossoming altar of Fedhas.
  5780 | D:7      | Found a runed translucent gate.
  5780 | D:7      | Found a runed translucent gate.
  5781 | D:7      | Found a runed translucent gate.
  5782 | D:7      | Noticed MrSquiggles's ghost (novice OpCj)
  5782 | D:7      | Noticed blackman's ghost (novice HuDe)
  5820 | D:7      | Reached skill level 14 in Unarmed Combat
  6196 | D:7      | Reached XP level 10. HP: 82/88 MP: 9/9
  6533 | D:7      | Found an opulent altar of Gozag.
  6533 | D:7      | Found a glowing silver altar of Zin.
  6637 | D:7      | Gained mutation: Your spells are a little harder to cast,
                  | but a little more powerful. [potion of mutation]
  6637 | D:7      | Gained mutation: You have sharp toenails. [potion of
                  | mutation]
  6637 | D:7      | Gained mutation: You are clumsy. (Dex -2) [potion of
                  | mutation]
  6637 | D:7      | Gained mutation: Your muscles are strong. (Str +4, Int/Dex
                  | -1) [potion of mutation]
  6666 | D:8      | Found a flagged portal.
  6675 | Bailey   | Entered a bailey
  6809 | Bailey   | Reached skill level 15 in Unarmed Combat
  7049 | Bailey   | Noticed an orc knight
  7058 | Bailey   | Killed an orc knight
  7070 | Bailey   | Acquired 744 gold pieces
  7844 | D:9      | Reached skill level 16 in Unarmed Combat
  8086 | D:9      | Paralysed by a hornet for 2 turns
  8365 | D:9      | Found a hazy altar of Hepliaklqana.
  8903 | D:10     | Entered Level 10 of the Dungeon
  8910 | D:10     | Found a bloodstained altar of Trog.
  8938 | D:10     | Reached XP level 11. HP: 54/94 MP: 10/10
  9057 | D:10     | Found a stormy altar of Qazlal.
  9283 | D:10     | Reached skill level 17 in Unarmed Combat
  9769 | D:11     | Found a staircase to the Lair.
 10012 | D:11     | Found an iron altar of Okawaru.
 10066 | D:11     | Noticed Lodul
 10074 | D:11     | Killed Lodul
 10075 | D:11     | Reached skill level 18 in Unarmed Combat
 10092 | D:11     | Reached **** piety under Yredelemnul
 10357 | D:11     | Found Fotamiptu's Antique Armour Boutique.
 10360 | D:11     | Bought a tower shield for 135 gold pieces
 10406 | D:11     | Noticed a purple ugly thing
 10411 | D:11     | Killed a purple ugly thing
 10423 | D:11     | Reached ***** piety under Yredelemnul
 10674 | D:11     | Noticed Harold
 10684 | D:11     | Killed Harold
 10690 | D:11     | Reached ****** piety under Yredelemnul
 10820 | D:12     | Found a staircase to the Orcish Mines.
 11110 | D:12     | Reached skill level 19 in Unarmed Combat
 11117 | D:12     | Reached XP level 12. HP: 35/104 MP: 11/11
 11126 | D:12     | Noticed a boulder beetle
 11137 | D:12     | Killed a boulder beetle
 11223 | D:12     | Found Nikox's General Store.
 11231 | D:12     | Bought 4 silver javelins for 115 gold pieces
 11231 | D:12     | Bought a potion of curing for 36 gold pieces
 11231 | D:12     | Bought a scroll of poison for 48 gold pieces
 12107 | D:13     | Noticed a centaur warrior
 12112 | D:13     | Shot with an arrow by a centaur warrior

Illustrated notes

Levels and vault maps discovered:
D:1:      dpeg_arrival_windows_large_door, layout_rooms, serial_park_tiny_2,
          amcnicky_mini_pool_small
D:2:      layout_basic, basic_altar
D:3:      layout_basic, lemuel_tele_altar, gammafunk_temple_overflow_elements,
          ebering_ecumenical_altar_hall, uniq_grinder, uniq_pargi
D:4:      layout_cave_pools, nicolae_overflow_crystal_walls,
          minmay_misc_feat_ornament, supply_closet_lemuel,
          kennysheep_generic_room_6
D:5:      layout_basic, mainiacjoe_overflow_24_doors, lemuel_doored_altar,
          minmay_temple_entry_sparse_star, uniq_blork_the_orc
D:6:      kennysheep_windowed_halls, layout_gridville, st_stairs_3,
          uniq_menkaure
D:7:      layout_loops_corners, grunt_temple_overflow_gold_and_silver,
          fedhas_altar_decomposition, amcnicky_altar_gilded,
          gammafunk_ghost_cemetery, the_hattery
D:8:      layout_basic, enter_bailey_8
D:9:      layout_grid_maze, nicolae_hepliaklqana_monster_ancestors,
          moated_statue, minmay_fire_ice_demons
D:10:     layout_gridville, mainiacjoe_overflow_alcove_2,
          overflow_temple_1_default
D:11:     layout_basic, hellmonk_lair_entry_icy, serial_shops,
          nicolae_shop_behind_doors, okawaru_metal_pillars_1_2, uniq_harold,
          uniq_lodul
D:12:     layout_small_grid, zombieorc1_lemuel, serial_shops,
          nicolae_shop_competitors_out_of_business
D:13:     layout_grid_maze

Skill      XL: |  1  2  3  4  5  6  7  8  9 10 11 |
---------------+----------------------------------+-----
Unarmed Combat | 3 4 6 7 9 12 14 16 19 | 19.8
Fighting       | |  2.4
Dodging        | |  2.4
Shields        | |  2.6

Action                   |  1- 3 |  4- 6 |  7- 9 | 10-12 || total
-------------------------+-------+-------+-------+-------++-------
Melee: Unarmed           |    83 |    94 |   235 |   383 ||   795
       Kick              |       |       |       |    80 ||    80
Throw: Dart              |       |       |       |   155 ||   155
Invok: Recall Undead Har |     1 |     2 |     1 |       ||     4
       Dark Bargain      |       |       |     2 |     3 ||     5
  Use: Scroll            |     8 |     5 |     2 |    17 ||    32
       Potion            |       |     1 |       |     3 ||     4
 Stab: Distracted        |       |     2 |     1 |     2 ||     5
Armor: Robe              |    29 |    13 |    51 |    94 ||   187
Dodge: Dodged            |    25 |    22 |    72 |    89 ||   208
Block: Kite shield       |    24 |    35 |    76 |    83 ||   218
       Tower shield      |       |       |       |    39 ||    39

Table legend: (Time is in decaauts)
 A = Elapsed time spent in this place.
 B = Non-inter-level travel time spent in this place.
 C = Inter-level travel time spent in this place.
 D = Time resting spent in this place.
 E = Time spent auto-exploring this place.
 F = Levels seen in this place.
 G = Mean time per level.
                   A        B        C        D        E       F      G
               +--------+--------+--------+--------+--------+-----+--------+
         Total |  12059 |  11623 |    436 |   1568 |   7603 |  14 |  861.4 |
       Dungeon |  11674 |  11238 |    436 |   1424 |   7601 |  13 |  898.0 |
        Bailey |    384 |    384 |      0 |    144 |      2 |   1 |  384.0 |
               +--------+--------+--------+--------+--------+-----+--------+

Top non-repeatable levels by time:
     D:6: 1250 daAuts
    D:12: 1192 daAuts
     D:9: 1140 daAuts
     D:5: 1113 daAuts
     D:7: 1086 daAuts
     D:2: 995 daAuts
    D:11: 993 daAuts
     D:3: 960 daAuts
    D:10: 828 daAuts
     D:4: 728 daAuts
     D:8: 703 daAuts
     D:1: 492 daAuts
  Bailey: 384 daAuts
    D:13: 189 daAuts
